 Dungeon Crawl Stone Soup version 0.29.1-12-g30fa7ad0bf (webtiles) character file.

Game seed: 3299480540598790921

25 concernfroge the Trooper (level 2, -1/25 HPs)
             Began as a Mummy Monk on Dec 21, 2022.
             Was a Believer of Trog.
             Slain by a quokka (2 damage)
             ... on level 2 of the Dungeon.
             The game lasted 00:02:17 (999 turns).

concernfroge the Trooper (Mummy Monk)                Turns: 999, Time: 00:02:18

Health: -1/25      AC:  5    Str: 14    XL:     2   Next: 82%
Magic:  2/2        EV: 12    Int:  9    God:    Trog [**....]
Gold:   7          SH:  0    Dex: 14    Spells: 1/1 levels left

rFire   . . .      SeeInvis .   a - +0 spear
rCold   . . .      Faith    .   (no shield)
rNeg    + + +      Spirit   .   b - +0 robe
rPois   ∞          Reflect  .   (no helmet)
rElec   .          Harm     .   (no cloak)
rCorr   .          Rampage  .   f - +2 pair of gloves
Will    .....                   (no boots)
Stlth   ++........              (no amulet)
HPRegen 0.08/turn               e - ring of fire
MPRegen 0.08/turn               (no ring)

@: no status effects
A: cold resistance 1, negative energy resistance 3, torment resistance 2, heat
vulnerability 1, no potions
a: Renounce Religion, Trog's Hand


You were on level 2 of the Dungeon.
You worshipped Trog.
Trog was pleased with you.
You visited 1 branch of the dungeon, and saw 2 of its levels.

You collected 7 gold pieces.

Inventory:

Hand Weapons
 a - a +0 spear (weapon)
Missiles
 c - 2 javelins (quivered)
Armour
 b - a +0 robe (worn)
 f - a +2 pair of gloves (worn)
Jewellery
 e - a ring of fire (left hand)


   Skills:
 + Level 4.1 Fighting
 - Level 2.4 Polearms
 - Level 2.4 Dodging
 - Level 1.5 Stealth


You had one spell level left.
You didn't know any spells.
Your spell library was empty.

Dungeon Overview and Level Annotations

Branches:
Dungeon (2/15)

Altars:
Trog

Shops:
D:1 (


Innate Abilities, Weirdness & Mutations

You are immune to poison.
Your flesh is cold resistant. (rC+)
You are immune to negative energy. (rN+++)
You are immune to unholy pain and torment.
You are vulnerable to heat. (rF-)
You do not drink.


Message History

You barely miss the quokka.
The quokka is severely wounded.
The quokka bites you.
As you read the scroll labelled SIRIONN SESA, it crumbles to dust.
The creatures around you are filled with an inner flame!
It was a scroll of immolation.
The quokka bites you but does no damage.
The quokka completely misses you.
You aren't carrying any scrolls.
Unknown command.
The quokka attacks as you move away! The quokka closely misses you.
You open the door. The quokka barely misses you.
There is an open door here.
The quokka bites you.
* * * LOW HITPOINT WARNING * * *
The quokka attacks as you move away! The quokka bites you.
* * * LOW HITPOINT WARNING * * *
The quokka attacks as you move away! The quokka bites you.
* * * LOW HITPOINT WARNING * * *
The quokka bites you but does no damage.
There is a stone staircase leading down here.
The quokka closely misses you.
You climb downwards.
The endoplasm quivers.
Found a glowing black potion.
There is a stone staircase leading up here.
The quokka attacks as you move away! The quokka barely misses you.
Found 7 gold pieces.
Found a runed brass amulet.
The quokka bites you.
* * * LOW HITPOINT WARNING * * *
The endoplasm barely misses you. The quokka attacks as you move away!
The quokka bites you but does no damage.
The endoplasm hits you but does no damage.
You see here a glowing black potion.
The endoplasm hits you but does no damage.
The endoplasm barely misses you.
You see here an amulet of faith.
The quokka attacks as you move away! The quokka bites you.
You die...

# #. #.#####
#.....#
######...####
....$...Jr@.+
#####.!.####
##..# ##.#
#<# #.......#
#.#####....
#. ## #


You could see an endoplasm and a quokka (inner flame).

Vanquished Creatures
  A dart slug (D:1)
  3 bats (D:1)
  4 endoplasms (D:1)
  A giant cockroach (D:1)
  2 goblins (D:1)
  A hobgoblin (D:1)
  2 jackals (D:1)
  3 ball pythons (D:1)
  2 frilled lizards (D:1)
  A rat (D:1)
20 creatures vanquished.

Notes
Turn   | Place    | Note
-------+----------+-------------------------------------------
     0 | D:1      | concernfroge the Mummy Monk began the quest for the Orb.
     0 | D:1      | Reached XP level 1. HP: 18/18 MP: 1/1
   286 | D:1      | Reached XP level 2. HP: 16/24 MP: 2/2
   438 | D:1      | Found a faded altar of an unknown god.
   481 | D:1      | Reached skill level 4 in Fighting
   487 | D:1      | Prayed at the altar of an unknown god.
   487 | D:1      | Became a worshipper of Trog the Wrathful
   487 | D:1      | Reached * piety under Trog
   487 | D:1      | Reached ** piety under Trog
   680 | D:1      | Found Soerets's Antique Weapon Boutique.
   987 | D:1      | HP: 1/25 [quokka (2)]
   994 | D:2      | HP: 1/25 [quokka (1)]
   999 | D:2      | Slain by a quokka

Illustrated notes

Levels and vault maps discovered:
D:1:      sevenhm_arrival_forest_fort_small_4, layout_basic, serial_shops,
          nicolae_shop_trees, ebering_ecumenical_altar_webs,
          wander_ebering_terrifying_dragon_lair
D:2:      layout_loops_corners, serial_park_tiny_1

Skill      XL: |  1  2 |
---------------+-------+-----
Fighting       | 4 |  4.1
Polearms       | |  2.4
Dodging        | |  2.4
Stealth        | |  1.5

Action                   || total
-------------------------++-------
Melee: Spear             ||    97
       Punch             ||     3
  Use: Scroll            ||     1
 Stab: Sleeping          ||     4
Armor: Robe              ||    26
Dodge: Dodged            ||    84
